 Dungeon Crawl Stone Soup version 0.19.1-1-g22dce08 (webtiles) character file.

197 Gargoyl the Skirmisher (level 5, -1/46 HPs)
             Began as a Ghoul Abyssal Knight on Jan 18, 2017.
             Was a Believer of Lugonu.
             Slain by an ogre
             ... wielding a +0 giant club
              (24 damage)
             ... on level 4 of the Dungeon.
             The game lasted 00:06:09 (2908 turns).

Gargoyl the Skirmisher (Ghoul Abyssal Knight)       Turns: 2908, Time: 00:06:09

Health: -1/46      AC:  6    Str: 16    XL:     5   Next: 75%
Magic:  6/6        EV:  7    Int:  7    God:    Lugonu [**....]
Gold:   128        SH:  7    Dex:  9    Spells: 0 memorised, 4 levels left

rFire  . . .     SeeInvis .     r - +2 spear (vamp)
rCold  + . .     Gourm    .     l - +0 scale mail
rNeg   + + +     Faith    .     d - +0 shield
rPois  ∞         Spirit   .     s - -2 helmet
rElec  .         Reflect  .     o - +0 cloak
rCorr  .         Harm     .     (no gloves)
MR     .....                    (no boots)
Stlth  ..........               (no amulet)
                                (no ring)
                                (no ring)

@: rotting, hasted, very quick
A: rotting body, claws 1, carnivore 3, cold resistance 1, negative energy
resistance 3, slow regeneration 1, torment resistance, unbreathing
a: Depart the Abyss, Bend Space, Renounce Religion


You were on level 4 of the Dungeon.
You worshipped Lugonu.
Lugonu was pleased with you.
You were not hungry.

You visited 1 branch of the dungeon, and saw 4 of its levels.
You visited the Abyss 1 time.

You collected 128 gold pieces.

Inventory:

Hand Weapons
 a - a +1 hand axe
 r - a +2 vampiric spear (weapon)
Armour
 d - a +0 shield (worn)
 l - a +0 scale mail (worn)
 o - a +0 cloak (worn)
 s - a -2 helmet (worn)
Wands
 n - a wand of polymorph (8/24)
Scrolls
 b - a scroll of identify
 h - 2 scrolls of remove curse
Potions
 e - a potion of haste
 f - 2 potions of curing {unknown}
 p - a potion of beneficial mutation {unknown}
 t - a potion of mutation {unknown}
Comestibles
 c - 3 meat rations
 g - a royal jelly
 m - 3 beef jerkies


   Skills:
 + Level 4.0 Fighting
 + Level 3.1 Axes
 + Level 0.5(2.0) Polearms
 * Level 2.6 Armour
 + Level 1.5 Dodging
 + Level 1.5 Shields
 * Level 2.9 Invocations


You had 4 spell levels left.
You didn't know any spells.

Dungeon Overview and Level Annotations

Branches:
Dungeon (4/15)             Temple (0/1) D:4

Altars:
Elyvilon
Kikubaaqudgha

Annotations:
D:3 1 runed door


Innate Abilities, Weirdness & Mutations

Your body is rotting away.
You thrive on raw meat.
You are immune to poison.
You have sharp fingernails.
You are carnivorous and can eat meat at any time.
Your flesh is cold resistant. (rC+)
You are immune to negative energy. (rN+++)
You regenerate slowly when monsters are visible.
You are immune to unholy pain and torment.
You can survive without breathing.


Message History

You throw a tomahawk. The tomahawk barely misses the ogre.
You hit the ogre.
The ogre is moderately wounded.
The ogre completely misses you.
You hit the ogre.
The ogre is moderately wounded.
You block the ogre's attack.
You hit the ogre.
The ogre is heavily wounded.
The ogre hits you with a giant club!!
Ouch! That really hurt!
You hit the ogre but do no damage.
The ogre is heavily wounded.
You hit the ogre.
The ogre is heavily wounded.
The ogre barely misses you.
It was a potion of haste.
You feel yourself speed up. The ogre hits you with a giant club!!
Ouch! That really hurt!
You die...

*,**,,***********,,,,*,**,****,**
*,**,,,,,,,,,,,,,..,,*,*,,,,,,,,,
*,,,,,*******###*..,,*,********,*
**,,,,,,,,,,,..#*.#***,,,,,,,,,,,
**,**********#.#*.# **********,,
**,*,,,,,,,* #.#*.# **,
**,,,,,,,,,* #.#*.# *,
*###.#########.##.######* **
,...............@.......* *
**#....#.#####)#.O......* *
#....#.# #.#........*
#....#.#***#.#...(.((.*********
#....#.#,,,..#########**,,,,,,,
#....#.#,,,..# *,,,,,,,
#....#.#,,...# *,,,,,,,
#......#,,...# ***,,,,,
#...####****,* *,****


You could see an ogre.

Vanquished Creatures
  Crazy Yiuf (D:2)
  Robin (D:3)
  5 adders
  3 oozes
  4 worms (D:2)
  2 dart slugs
  3 leopard geckos
  An orc (D:3)
  2 giant cockroaches
  21 goblins
  10 hobgoblins
  3 quokkas
  3 ball pythons
  4 bats
  3 frilled lizards
  5 kobolds
  10 rats
81 creatures vanquished.

Notes
Turn   | Place    | Note
-------+----------+-------------------------------------------
     0 | Abyss:1  | Gargoyl the Ghoul Abyssal Knight began the quest for the Orb.
     0 | Abyss:1  | Reached XP level 1. HP: 19/19 MP: 1/1
    96 | Abyss:1  | Noticed a ynoxinul
    99 | Abyss:1  | Noticed a large abomination
   102 | D:1      | Escaped the Abyss
   498 | D:1      | Reached * piety under Lugonu
   498 | D:1      | Reached XP level 2. HP: 17/26 MP: 2/2
  1138 | D:2      | Reached XP level 3. HP: 16/33 MP: 3/3
  1287 | D:2      | Found an ancient bone altar of Kikubaaqudgha.
  1357 | D:2      | Reached skill level 1 in Dodging
  1399 | D:2      | Reached XP level 4. HP: 36/40 MP: 4/4
  1736 | D:2      | Found a runed door.
  1740 | D:2      | Noticed Crazy Yiuf
  1755 | D:2      | Killed Crazy Yiuf
  1755 | D:2      | Reached ** piety under Lugonu
  1755 | D:2      | Reached skill level 4 in Fighting
  1896 | D:2      | Reached XP level 5. HP: 46/46 MP: 5/5
  1918 | D:2      | Reached skill level 1 in Shields
  1996 | D:3      | Noticed Robin
  2044 | D:3      | Killed Robin
  2347 | D:3      | Found a white marble altar of Elyvilon.
  2347 | D:3      | Noticed an angel
  2509 | D:3      | Found a runed door.
  2898 | D:4      | Noticed an ogre
  2908 | D:4      | Slain by an ogre

Skill      XL: |  1  2  3  4  5 |
---------------+----------------+-----
Armour         | 2 |  2.6
Axes           | 2 3 |  3.1
Dodging        | 1 |  1.5
Fighting       | 4 |  4.0
Shields        | 1 |  1.5
Polearms       | |  0.5
Invocations    | |  2.9

Action                   |  1- 3 |  4- 6 || total
-------------------------+-------+-------++-------
Melee: Hand axe          |   116 |   133 ||   249
       Spear             |       |    81 ||    81
Throw: Tomahawk          |       |     5 ||     5
Invok: Depart the Abyss  |     1 |       ||     1
  Use: Scroll            |     1 |     8 ||     9
       Potion            |       |     1 ||     1
  Eat: Chunk             |    20 |    24 ||    44
Armor: Leather armour    |    10 |       ||    10
       Scale mail        |    37 |    89 ||   126
Dodge: Dodged            |    37 |    64 ||   101
Block: Shield            |    44 |    78 ||   122
